A- SE
TAMPA TARPONS @ DUNEDIN BLUE JAYS
09/06/2041
 
TOP OF THE 1ST
Tampa Tarpons batting - Pitching for Dunedin Blue Jays : LHP Steve Dawkins
Pitching: LHP Steve Dawkins
Batting: RHB Héctor Brajo 0-0: Ball
1-0: Foul Ball, location: 2F
1-1: Called Strike
1-2: Reached on error, E4 (Groundball, 4, EV 86.3 MPH)
Batting: RHB Lou Smith 0-0: Ball
1-0: Ball
2-0: Ball
3-0: Called Strike
3-1: Base on Balls
Héctor Brajo to second
Batting: RHB José Silva 0-0: Swinging Strike
0-1: Grounds into double play, 3-6-3 (Groundball, 34S, EV 86.3 MPH)
Héctor Brajo to third
Batting: RHB Bob Gallagher 0-0: Swinging Strike
0-1: Swinging Strike
0-2: Strikes out looking
Top of the 1st over - 0 runs, 0 hits, 1 error, 1 left on base; Tampa 0 - Dunedin 0
BOTTOM OF THE 1ST
Dunedin Blue Jays batting - Pitching for Tampa Tarpons : LHP Toyoharu Kichida
Pitching: LHP Toyoharu Kichida
Batting: LHB César Salas 0-0: Ball
1-0: Ball
2-0: Swinging Strike
2-1: Ball
3-1: Foul Ball, location: 7LDF
3-2: Foul Ball, location: 2F
3-2: Strikes out swinging
Batting: RHB Mike Jordan 0-0: Swinging Strike
0-1: Ball
1-1: Ball
2-1: Foul Ball, location: 5F
2-2: Foul Ball, location: 3FF
2-2: Ball
3-2: Foul Ball, location: 23F
3-2: Strikes out swinging
Batting: LHB Gary Walls 0-0: Ball
1-0: Ball
2-0: Ball
3-0: Base on Balls
Batting: SHB Dan Chamberlain 0-0: Ball
1-0: Called Strike
1-1: Swinging Strike
1-2: Ball
2-2: TRIPLE (Flyball, 9LD, EV 102.5 MPH)
Gary Walls scores
Batting: RHB Jeremy Lawrence 0-0: Ball
1-0: Fly out, F9 (Flyball, 9, EV 89.4 MPH)
Bottom of the 1st over - 1 run, 1 hit, 0 errors, 1 left on base; Tampa 0 - Dunedin 1
TOP OF THE 2ND
Tampa Tarpons batting - Pitching for Dunedin Blue Jays : LHP Steve Dawkins
Batting: RHB José Padino 0-0: Foul Ball, location: 2F
0-1: Foul Ball, location: 2F
0-2: Ball
1-2: Foul Ball, location: 5F
1-2: Ball
2-2: Ground out 4-3 (Groundball, 4S, EV 67.5 MPH)
Batting: LHB Freddy Guzmán 0-0: Called Strike
0-1: Ball
1-1: Ground out U3 (Groundball, 34, EV 106.9 MPH)
Batting: RHB Hugh Johnstone 0-0: Called Strike
0-1: Ground out 5-3 (Groundball, 56S, EV 69.4 MPH)
Top of the 2nd over - 0 runs, 0 hits, 0 errors, 0 left on base; Tampa 0 - Dunedin 1
BOTTOM OF THE 2ND
Dunedin Blue Jays batting - Pitching for Tampa Tarpons : LHP Toyoharu Kichida
Batting: LHB Nelson Escobedo 0-0: Ball
1-0: Bunt for hit to 5S - play at first, batter OUT! 5-3
Batting: RHB Pancho Canseco 0-0: Ball
1-0: Called Strike
1-1: Ball
2-1: Ball
3-1: Base on Balls
Batting: RHB Jorge Montoya 0-0: Foul Ball, location: 2F
0-1: Foul Ball, location: 9LDF
0-2: Ball
1-2: Grounds into double play, 4-6-3 (Groundball, 4, EV 92.5 MPH)
Bottom of the 2nd over - 0 runs, 0 hits, 0 errors, 0 left on base; Tampa 0 - Dunedin 1
TOP OF THE 3RD
Tampa Tarpons batting - Pitching for Dunedin Blue Jays : LHP Steve Dawkins
Batting: RHB Ludovic Pelletier 0-0: Ball
1-0: Ground out 5-3 (Groundball, 56S, EV 85.0 MPH)
Batting: RHB Jim Unknown 0-0: Called Strike
0-1: Ball
1-1: Ball
2-1: Ball
3-1: Called Strike
3-2: SINGLE (Groundball, 6D, EV 103.1 MPH)
Batting: RHB Héctor Brajo 0-0: Fly out, F8 (Flyball, 89D, EV 102.5 MPH)
Batting: RHB Lou Smith 0-0: Ball
1-0: Called Strike
1-1: Ball
2-1: Foul Ball, location: 2F
2-2: Strikes out swinging
Top of the 3rd over - 0 runs, 1 hit, 0 errors, 1 left on base; Tampa 0 - Dunedin 1
BOTTOM OF THE 3RD
Dunedin Blue Jays batting - Pitching for Tampa Tarpons : LHP Toyoharu Kichida
Batting: RHB Eric Connor 0-0: Ball
1-0: DOUBLE (Flyball, 7LD, EV 105.6 MPH)
Batting: LHB César Salas 0-0: Called Strike
0-1: Ball
1-1: Ball
2-1: Foul Ball, location: 2F
2-2: Foul Ball, location: 7LMF
2-2: Strikes out looking
Batting: RHB Mike Jordan 0-0: Ball
1-0: Ball
2-0: Called Strike
2-1: Ball
3-1: Swinging Strike
3-2: Strikes out swinging
Batting: LHB Gary Walls 0-0: Ball
1-0: Swinging Strike
1-1: Foul Ball, location: 2F
1-2: Ball
Wild Pitch!
Eric Connor to third
2-2: Foul Ball, location: 5SF
2-2: Ball
3-2: Base on Balls
Batting: SHB Dan Chamberlain 0-0: Called Strike
0-1: Ball
1-1: Foul Ball, location: 2F
1-2: Foul Ball, location: 7LSF
1-2: Strikes out swinging
Bottom of the 3rd over - 0 runs, 1 hit, 0 errors, 2 left on base; Tampa 0 - Dunedin 1
TOP OF THE 4TH
Tampa Tarpons batting - Pitching for Dunedin Blue Jays : LHP Steve Dawkins
Batting: RHB José Silva 0-0: SINGLE (Groundball, 4MD, EV 107.5 MPH)
Batting: RHB Bob Gallagher 0-0: Foul Ball, location: 3FF
0-1: Ball
1-1: Foul Ball, location: 7LSF
1-2: Ball
2-2: Strikes out looking
Batting: RHB José Padino 0-0: Ball
1-0: Foul Ball, location: 9LDF
1-1: Ball
2-1: Foul Ball, location: 25F
2-2: Ball
3-2: Strikes out swinging
Batting: LHB Freddy Guzmán 0-0: Called Strike
0-1: Ball
1-1: Swinging Strike
1-2: Ball
2-2: Strikes out looking
Top of the 4th over - 0 runs, 1 hit, 0 errors, 1 left on base; Tampa 0 - Dunedin 1
BOTTOM OF THE 4TH
Dunedin Blue Jays batting - Pitching for Tampa Tarpons : LHP Toyoharu Kichida
Batting: RHB Jeremy Lawrence 0-0: Called Strike
0-1: Foul Ball, location: 25F
0-2: Strikes out swinging, 2-3 out at first.
Batting: LHB Nelson Escobedo 0-0: SINGLE (Line Drive, 78S, EV 105.6 MPH)
Batting: RHB Pancho Canseco 0-0: Ball
1-0: Called Strike
1-1: Foul Ball, location: 2F
1-2: Ball
2-2: Foul Ball, location: 2F
2-2: Ball
3-2: Ground out U3 (Groundball, 3L, EV 106.9 MPH)
Nelson Escobedo to second
Batting: RHB Jorge Montoya 0-0: Ground out 6-3 (Groundball, 6, EV 87.5 MPH)
Bottom of the 4th over - 0 runs, 1 hit, 0 errors, 1 left on base; Tampa 0 - Dunedin 1
TOP OF THE 5TH
Tampa Tarpons batting - Pitching for Dunedin Blue Jays : LHP Steve Dawkins
Batting: RHB Hugh Johnstone 0-0: Called Strike
0-1: Swinging Strike
0-2: Ball
1-2: Strikes out swinging
Batting: RHB Ludovic Pelletier 0-0: Called Strike
0-1: SOLO HOME RUN (Flyball, 89XD, EV 97.5 MPH), Distance : 376 ft
Batting: RHB Jim Unknown 0-0: Ball
1-0: Ball
2-0: Ball
3-0: Base on Balls
Batting: RHB Héctor Brajo 0-0: Called Strike
0-1: Ball
1-1: Foul Ball, location: 3FF
1-2: Ground out 5-3 (Groundball, 56S, EV 66.9 MPH)
Jim Unknown to second
Batting: RHB Lou Smith 0-0: Ground out 6-3 (Groundball, 6S, EV 82.5 MPH)
Top of the 5th over - 1 run, 1 hit, 0 errors, 1 left on base; Tampa 1 - Dunedin 1
BOTTOM OF THE 5TH
Dunedin Blue Jays batting - Pitching for Tampa Tarpons : LHP Toyoharu Kichida
Batting: RHB Eric Connor 0-0: Called Strike
0-1: Ball
1-1: Swinging Strike
1-2: Ball
2-2: Strikes out swinging
Batting: LHB César Salas 0-0: Called Strike
0-1: Ball
1-1: Foul Ball, location: 3DF
1-2: Ball
2-2: Foul Ball, location: 3F
2-2: Ball
3-2: Foul Ball, location: 2F
3-2: Base on Balls
Batting: RHB Mike Jordan 0-0: Ball
1-0: Ball
2-0: Swinging Strike
2-1: Foul Ball, location: 9LMF
2-2: Strikes out swinging
Batting: LHB Gary Walls 0-0: Called Strike
0-1: Ball
1-1: Foul Ball, location: 7LSF
1-2: Ball
2-2: Foul Ball, location: 7LSF
2-2: Ball
3-2: DOUBLE (Line Drive, 89XD, EV 110.6 MPH)
César Salas to third
César Salas scores
Batting: SHB Dan Chamberlain 0-0: Ball
1-0: Ball
2-0: Ball
3-0: Base on Balls
Batting: RHB Jeremy Lawrence 0-0: Swinging Strike
0-1: Ball
1-1: Ball
2-1: Foul Ball, location: 2F
2-2: Ground out 2-3 (Groundball, 2L, EV 67.5 MPH)
Bottom of the 5th over - 1 run, 1 hit, 0 errors, 2 left on base; Tampa 1 - Dunedin 2
TOP OF THE 6TH
Tampa Tarpons batting - Pitching for Dunedin Blue Jays : LHP Steve Dawkins
Batting: RHB José Silva 0-0: Foul Ball, location: 2F
0-1: Ground out U3 (Groundball, 34, EV 85.6 MPH)
Batting: RHB Bob Gallagher 0-0: Ball
1-0: Ground out 4-3 (Groundball, 4, EV 81.9 MPH)
Batting: RHB José Padino 0-0: Called Strike
0-1: Hit by Pitch
Batting: LHB Freddy Guzmán 0-0: Ball
1-0: Ball
2-0: Called Strike
2-1: Called Strike
2-2: Foul Ball, location: 3F
2-2: Strikes out swinging
Top of the 6th over - 0 runs, 0 hits, 0 errors, 1 left on base; Tampa 1 - Dunedin 2
BOTTOM OF THE 6TH
Dunedin Blue Jays batting - Pitching for Tampa Tarpons : LHP Toyoharu Kichida
Pitching: RHP Jim Unknown
Batting: LHB Nelson Escobedo 0-0: Ball
1-0: SINGLE (Line Drive, 9S, EV 90.0 MPH)
Batting: RHB Pancho Canseco 0-0: Sac Bunt to 15 - play at first, batter OUT! 1-3
Nelson Escobedo to second
Batting: RHB Jorge Montoya 0-0: Called Strike
0-1: Ball
1-1: Called Strike
1-2: Foul Ball, location: 7LMF
1-2: Ball
2-2: Ball
3-2: Foul Ball, location: 2F
3-2: Base on Balls
Batting: RHB Eric Connor 0-0: TRIPLE (Flyball, 9LD, EV 94.4 MPH)
Nelson Escobedo scores
Jorge Montoya scores
Batting: LHB César Salas 0-0: Swinging Strike
0-1: Swinging Strike
0-2: Ball
1-2: Ball
2-2: Foul Ball, location: 3F
2-2: Fly out, F9 (Line Drive, 9, EV 95.0 MPH)
Runner from 3rd tags up, OUT at HOME! 9-2
Bottom of the 6th over - 2 runs, 2 hits, 0 errors, 0 left on base; Tampa 1 - Dunedin 4
TOP OF THE 7TH
Tampa Tarpons batting - Pitching for Dunedin Blue Jays : LHP Steve Dawkins
Batting: RHB Hugh Johnstone 0-0: Called Strike
0-1: Ball
1-1: Ball
2-1: Swinging Strike
2-2: Ball
3-2: Foul Ball, location: 9LSF
3-2: Base on Balls
Pitching: LHP Luis Mercado
Batting: RHB Ludovic Pelletier 0-0: Foul Ball, location: 2F
0-1: Ball
1-1: Fly out, F7 (Flyball, 7D, EV 103.8 MPH)
Batting: RHB Jim Unknown 0-0: Ball
1-0: Ball
2-0: Ball
3-0: Called Strike
3-1: Ground out 5-3 (Groundball, 5S, EV 66.9 MPH)
Hugh Johnstone to second
Batting: RHB Héctor Brajo 0-0: Swinging Strike
0-1: Fly out, F8 (Flyball, 89M, EV 92.5 MPH)
Top of the 7th over - 0 runs, 0 hits, 0 errors, 1 left on base; Tampa 1 - Dunedin 4
BOTTOM OF THE 7TH
Dunedin Blue Jays batting - Pitching for Tampa Tarpons : RHP Jim Unknown
Batting: RHB Mike Jordan 0-0: Ball
1-0: Fly out, F2 (Popup, 2LF, EV 90.0 MPH)
Batting: LHB Gary Walls 0-0: Ball
1-0: Swinging Strike
1-1: Called Strike
1-2: Foul Ball, location: 2F
1-2: Foul Ball, location: 3F
1-2: Ball
2-2: Ball
3-2: Foul Ball, location: 7LSF
3-2: SINGLE (Groundball, 6M, EV 88.8 MPH) (infield hit)
Batting: SHB Dan Chamberlain 0-0: Ball
1-0: Called Strike
1-1: Swinging Strike
1-2: Fly out, F5 (Line Drive, 5L, EV 66.3 MPH)
Batting: RHB Jeremy Lawrence 0-0: Called Strike
0-1: Ball
1-1: Ball
Gary Walls is caught stealing 2nd base 2-4
Bottom of the 7th over - 0 runs, 1 hit, 0 errors, 0 left on base; Tampa 1 - Dunedin 4
TOP OF THE 8TH
Tampa Tarpons batting - Pitching for Dunedin Blue Jays : LHP Luis Mercado
Batting: RHB Lou Smith 0-0: Ball
1-0: Foul Ball, location: 3F
1-1: SINGLE (Groundball, 4MD, EV 98.1 MPH)
Batting: RHB José Silva 0-0: Called Strike
0-1: Ball
1-1: Ball
2-1: Ball
3-1: Fly out, F8 (Flyball, 8RD, EV 96.9 MPH)
Batting: RHB Bob Gallagher 0-0: Ball
1-0: Fly out, F4 (Popup, 4S, EV 84.4 MPH)
Batting: RHB José Padino 0-0: Called Strike
0-1: Called Strike
0-2: Ball
1-2: Foul Ball, location: 5F
1-2: SINGLE (Groundball, 34D, EV 102.5 MPH)
Lou Smith to second
Runner from 2nd tries for 3rd, SAFE, throw by RF made to third
Pinch Hitting: RHB Pancho García 0-0: Called Strike
0-1: Fly out, F9 (Flyball, 9, EV 94.4 MPH)
Top of the 8th over - 0 runs, 2 hits, 0 errors, 2 left on base; Tampa 1 - Dunedin 4
BOTTOM OF THE 8TH
Dunedin Blue Jays batting - Pitching for Tampa Tarpons : RHP Jim Unknown
Now in LF: Pancho García
Batting: RHB Jeremy Lawrence 0-0: Called Strike
0-1: Called Strike
0-2: Foul Ball, location: 2F
0-2: Ball
1-2: Foul Ball, location: 9LDF
1-2: Ball
2-2: Foul Ball, location: 9LSF
2-2: Strikes out swinging
Batting: LHB Nelson Escobedo 0-0: Ball
1-0: Swinging Strike
1-1: Foul Ball, location: 7LDF
1-2: Ball
2-2: Fly out, F8 (Flyball, 8LD, EV 90.0 MPH)
Batting: RHB Pancho Canseco 0-0: Called Strike
0-1: Ball
1-1: Ball
2-1: Foul Ball, location: 5F
2-2: Ball
3-2: Ground out 1-3 (Groundball, 13S, EV 73.1 MPH)
Bottom of the 8th over - 0 runs, 0 hits, 0 errors, 0 left on base; Tampa 1 - Dunedin 4
TOP OF THE 9TH
Tampa Tarpons batting - Pitching for Dunedin Blue Jays : LHP Luis Mercado
Pitching: RHP Jorge Galló
Batting: RHB Hugh Johnstone 0-0: Ball
1-0: Called Strike
1-1: Ball
2-1: Foul Ball, location: 2F
2-2: Foul Ball, location: 9LSF
2-2: Ball
3-2: Base on Balls
Batting: RHB Ludovic Pelletier 0-0: Ball
1-0: Called Strike
1-1: Ball
2-1: Ball
3-1: TRIPLE (Flyball, 78XD, EV 103.8 MPH)
Hugh Johnstone scores
Pinch Hitting: LHB Jim Unknown 0-0: Ball
1-0: DOUBLE (Line Drive, 7LM, EV 98.8 MPH)
Ludovic Pelletier scores
Batting: RHB Héctor Brajo 0-0: Bunted foul
0-1: Sac Bunt to 13 - play at first, batter OUT! 1-4
Jim Unknown to third
Batting: RHB Lou Smith 0-0: Foul Ball, location: 5DF
0-1: Fly out, F8 (Flyball, 8RM, EV 93.8 MPH)
Runner from 3rd tags up, OUT at HOME! 8-2
Top of the 9th over - 2 runs, 2 hits, 0 errors, 0 left on base; Tampa 3 - Dunedin 4
Monday, April 1st , 2024 - OOTP Baseball 24.10 Build 82